 Dungeon Crawl Stone Soup version 0.31-a0-826-ga5cc291a1b (webtiles) character file.

Game seed: 10149977968034744825

69 qw the Shooter (level 4, -3/28 HPs)
             Began as a Gargoyle Hunter on Sept 23, 2023.
             Slain by Terence
             ... wielding a +0 flail
              (5 damage)
             ... on level 3 of the Dungeon.
             The game lasted 00:00:35 (1666 turns).

qw the Shooter (Gargoyle Hunter)                    Turns: 1666, Time: 00:00:36

Health: -3/28      AC:  8    Str: 15    XL:     4   Next: 20%
Magic:  4/4        EV: 11    Int:  9    God:
Gold:   174        SH:  0    Dex: 15    Spells: 3/3 levels left

rFire   . . .        Y - +0 shortbow
rCold   . . .        (shield currently unavailable)
rNeg    + . .        d - +0 ring mail
rPois   inf          (no helmet)
rElec   +            (no cloak)
rCorr   .            (no gloves)
SInv    .            (no boots)
Will    .....        (no amulet)
Stlth   +            (no ring)
HPRegen 0.24/turn    (no ring)
MPRegen 0.09/turn

%: no passive effects
@: no status effects
A: sickness immunity, AC +3, negative energy resistance 1, electricity
resistance, torment resistance 1, petrification resistance
a: no special abilities


You were on level 3 of the Dungeon.
You visited 1 branch of the dungeon, and saw 3 of its levels.

You collected 174 gold pieces.


Innate Abilities, Weirdness & Mutations

You are immune to sickness and miasma.
Your stone body is resilient. (AC +3)
You are immune to poison.
You resist negative energy. (rN+)
You are resistant to electric shocks. (rElec)
You are resistant to unholy torment.
You are immune to petrification.


   Skills:
 - Level 3.0 Fighting
 - Level 5.1 Ranged Weapons
 + Level 0.4 Armour
 - Level 1.5 Dodging
 - Level 1.1 Stealth


You had 3 spell levels left.
You didn't know any spells.
Your spell library was empty.

Inventory:

Hand Weapons
 Y - a +0 shortbow (weapon)
Armour
 d - a +0 ring mail (worn)
Scrolls
 b - 2 scrolls of identify
 f - a scroll of teleportation {unknown}
Potions
 a - a potion of curing {unknown}
 c - a potion of heal wounds {unknown}
 e - a potion of degeneration {unknown}

Dungeon Overview and Level Annotations

Branches:
Dungeon (3/15)

Altars:
Ashenzari
Gozag
Hepliaklqana

Annotations:
D:3 Terence


Message History

You shoot an arrow. The arrow completely misses the kobold.
The kobold barely misses you. The kobold misses you.
You shoot an arrow. The arrow misses the kobold.
The kobold hits you with a +0 club.
You shoot an arrow. The arrow barely misses the kobold.
The kobold barely misses you.
You shoot an arrow. The arrow hits the kobold!
You kill the kobold!
You start resting.
You hear the rusting of a drain very nearby.
HP restored.
You now have 152 gold pieces (gained 11).
Found a broken altar of Ashenzari.
Things that are here:
a +0 club; a kobold corpse You hear the rusting of a drain very nearby.
You now have 168 gold pieces (gained 16).
You hear the brisk rusting of a drain.
There is a faded altar of an unknown god here.
You now have 174 gold pieces (gained 6).
Found a hand axe.
Terence the Incautious comes into view.
He is wielding a +0 flail.
Terence shouts!
You shoot an arrow. The arrow hits Terence.
Terence is lightly wounded.
Terence hits you with a +0 flail.
You shoot an arrow. The arrow barely misses Terence.
Terence hits you with a +0 flail.
You shoot an arrow. The arrow closely misses Terence.
Terence hits you with a +0 flail!
You shoot an arrow. The arrow barely misses Terence.
Terence hits you with a +0 flail.
You shoot an arrow. The arrow hits Terence.
Terence is moderately wounded.
Terence hits you with a +0 flail. x2
You shoot an arrow.
The arrow hits Terence but does no damage.
Terence is moderately wounded.
Terence hits you with a +0 flail.
You die...

.........# #####..### #...
.........# ##.# #.##
........##########.########.##
####+##.###......#............
##.........##########.##
##........# #... ###.##...#
#### #.##...### #..@.....#
##.#@.##.# #.#...# ......#
##.###.# .). .. ~.. .. ..# .##


You could see Terence.

Vanquished Creatures
  2 adders (D:2)
  3 dart slugs (D:1)
  A bat (D:1)
  5 endoplasms
  A goblin (D:1)
  5 hobgoblins
  4 quokkas
  6 ball pythons (D:1)
  2 frilled lizards
  8 kobolds
  6 rats
43 creatures vanquished.

Notes
Turn   | Place    | Note
-------+----------+-------------------------------------------
     0 | D:1      | qw the Gargoyle Hunter began the quest for the Orb.
     0 | D:1      | Reached XP level 1. HP: 12/12 MP: 1/1
     0 | D:1      | 0 ||| qw: Version: 0.3-a-83-gcd0e7d8
     0 | D:1      | 0 ||| qw: Game counter: 1843
     0 | D:1      | 0 ||| qw: Melee chars always use a shield: true
     0 | D:1      | 0 ||| qw: God list: Okawaru
     0 | D:1      | 0 ||| qw: Allow faded altars: false
     0 | D:1      | 0 ||| qw: Do Orc after clearing Dungeon:15 true
     0 | D:1      | 0 ||| qw: Do second Lair branch before Depths: true
     0 | D:1      | 0 ||| qw: Lair rune preference: random
     0 | D:1      | 0 ||| qw: Goals: Normal
     0 | D:1      | 0 ||| PLANNING D:1-11
   115 | D:1      | Reached XP level 2. HP: 9/17 MP: 2/2
   355 | D:1      | Reached XP level 3. HP: 21/21 MP: 3/3
   364 | D:1      | 364 ||| DROPPING +3 sling.
   409 | D:1      | Reached skill level 5 in Ranged Weapons
   554 | D:1      | 554 ||| READING scroll labelled INAMOE SINA.
   555 | D:1      | 555 ||| READING scroll labelled JIESOGG KYDO.
   556 | D:1      | 556 ||| DROPPING scroll of butterflies.
   661 | D:2      | Reached skill level 3 in Fighting
   733 | D:2      | Reached XP level 4. HP: 28/28 MP: 4/4
  1260 | D:2      | 1260 ||| UPGRADING to +0 ring mail.
  1270 | D:2      | 1270 ||| DROPPING +0 leather armour.
  1271 | D:2      | 1271 ||| DRINKING 3 ruby potions.
  1312 | D:2      | 1312 ||| DROPPING 2 potions of lignification.
  1332 | D:3      | 1332 ||| PLANNING SEWER
  1469 | D:3      | Found an opulent altar of Gozag.
  1472 | D:3      | Found a hazy altar of Hepliaklqana.
  1478 | D:3      | Found a faded altar of an unknown god.
  1555 | D:3      | Found a broken altar of Ashenzari.
  1660 | D:3      | Noticed Terence
  1665 | D:3      | HP: 7/28 [Terence/+0 flail (4)]
  1665 | D:3      | HP: 2/28 [Terence/+0 flail (5)]
  1666 | D:3      | Slain by Terence

Levels and vault maps discovered:
D:1:      dpeg_arrival_round_b, layout_basic
D:2:      layout_loops_ring
D:3:      kennysheep_six_static_rooms, layout_loops_cross,
          nicolae_overflow_hidden_temple, ebering_ecumenical_altar_mist,
          portal_sewer_entry_d, chequers_serial_rivers_micro_e, uniq_terence

Skill      XL: |  1  2  3 |
---------------+----------+-----
Ranged Weapons | 5 |  5.1
Fighting       | 3 |  3.0
Armour         | |  0.4
Dodging        | |  1.5
Stealth        | |  1.1

Action                     |  1- 3 |  4- 6 || total
---------------------------+-------+-------++-------
   Fire: Shortbow          |   108 |    38 ||   146
    Use: Scroll            |     2 |       ||     2
         Potion            |       |     1 ||     1
 Armour: Leather armour    |    29 |     1 ||    30
         Ring mail         |       |    11 ||    11
  Dodge: Dodged            |    29 |    11 ||    40

Table legend:
 A = Non-vault XP
 B = Vault XP
 C = Vault XP percentage of total XP
 D = Non-vault monster count
 E = Vault monster count
 F = Vault count percentage of total count
                 A         B        C        D         E       F
            +---------+---------+-------+---------+---------+-------
      Total |      99 |       0 |   0.0 |      43 |       0 |   0.0
            +---------+---------+-------+---------+---------+-------
        D:1 |      43 |       0 |   0.0 |      23 |       0 |   0.0
        D:2 |      48 |       0 |   0.0 |      16 |       0 |   0.0
        D:3 |       8 |       0 |   0.0 |       4 |       0 |   0.0
            +---------+---------+-------+---------+---------+-------
